 Dungeon Crawl Stone Soup version 0.20-a0-210-gd6c29eb (webtiles) character file.

84 feito the Digger (level 4, -3/24 HPs)
             Began as a Gargoyle Earth Elementalist on Nov 26, 2016.
             Slain by Sigmund
             ... wielding a +0 scythe
              (10 damage)
             ... on level 3 of the Dungeon.
             The game lasted 00:24:17 (2373 turns).

feito the Digger (Gargoyle Earth Elementalist)      Turns: 2373, Time: 00:24:17

Health: -3/24      AC:  7    Str: 11    XL:     4   Next: 45%
Magic:  2/7        EV: 12    Int: 17    God:
Gold:   116        SH:  0    Dex: 10    Spells: 3/7 levels left

rFire  . . .     SeeInvis .     n - +1 dagger
rCold  . . .     Gourm    .     c - +0 robe
rNeg   + . .     Faith    .     (no shield)
rPois  ∞         Spirit   .     (no helmet)
rElec  +         Reflect  .     (no cloak)
rCorr  .         Harm     .     s - +0 pair of gloves
MR     .....                    a - +0 pair of boots
Stlth  ++........               (no amulet)
                                (no ring)
                                (no ring)

@: no status effects
A: negative energy resistance 1, electricity resistance, unbreathing,
petrification resistance, rot immunity, AC +3
a: no special abilities


You were on level 3 of the Dungeon.
You were hungry.

You visited 1 branch of the dungeon, and saw 3 of its levels.

You collected 116 gold pieces.

Inventory:

Hand Weapons
 n - a +1 dagger (weapon)
Missiles
 b - 105 stones (quivered)
Armour
 a - a +0 pair of boots (worn)
 c - a +0 robe (worn)
 s - a +0 pair of gloves (worn)
Scrolls
 g - 2 scrolls of recharging
 h - a scroll of blinking {unknown}
 i - a scroll of enchant weapon
 j - a scroll of magic mapping
 k - a scroll of immolation {unknown}
 o - a scroll of teleportation
Potions
 m - a potion of haste {unknown}
 p - a potion of resistance {unknown}
 q - a potion of cancellation {unknown}
 r - a potion of cure mutation {unknown}
Books
 e - a book of Geomancy

   Spells                             Type                      Level
   a - Sandblast                      Earth                        1
   b - Passwall                       Transmutation/Earth          2
   c - Stone Arrow                    Conjuration/Earth            3
   d - Petrify                        Transmutation/Earth          4
   e - Lee's Rapid Deconstruction     Earth                        5
Comestibles
 d - 2 bread rations
 f - 3 meat rations
 l - 3 fruits


   Skills:
 + Level 1.2 Armour
 + Level 2.0 Dodging
 + Level 3.1 Stealth
 + Level 2.3 Spellcasting
 + Level 0.9 Conjurations
   Level 0.7 Transmutations
 * Level 4.5 Earth Magic


You had 3 spell levels left.
You knew the following spells:

 Your Spells              Type           Power        Failure   Level  Hunger
a - Sandblast             Erth           ###...       2%          1    #......
b - Stone Arrow           Conj/Erth      ##....       21%         3    ###....


Dungeon Overview and Level Annotations

Branches:
Dungeon (3/15)

Altars:
Cheibriados
Zin

Annotations:
D:3 Sigmund


Innate Abilities, Weirdness & Mutations

You are resistant to torment.
Your stone body is resilient. (AC +3)
You are immune to poison.
You resist negative energy. (rN+)
You are resistant to electric shocks. (rElec)
You can survive without breathing.
You are immune to petrification.
You are immune to rotting.


Message History

Confirm with . or Enter, or press ? or * to list all spells.
Aiming: Sandblast
Press: ? - help, Shift-Dir - straight line, f/p - Sigmund
Aim: Sigmund, wielding a scythe and wearing a glowing robe (heavily wounded)
The blast of sand hits Sigmund.
Sigmund is almost dead.
Sigmund hits you from afar with a scythe!
Sigmund gestures wildly while chanting.
Sigmund flickers and vanishes!
Deactivating autopickup; reactivate with Ctrl-A.
Something tries to affect you, but you resist.
Something tries to affect you, but you resist.
You are confused.
You're too confused to move!
You're too confused to cast spells.
Something hits you!
* * * LOW HITPOINT WARNING * * *
You feel less confused. Something hits you!
You die...

########## #......<.#
#########.######.#
#.......[........######
#.#######.............#
..#######..####.@####.#
...........####..####.#######
......###.##................#
#####.###.#...#.....#.#####.#
#####.##..#...###'''### #.#
.<.##.#.#....##≈≈...≈≈#####@#####
##.##..#....##≈≈♣...♣≈≈##........
##.##.#....##≈≈♣.♣.♣.♣≈≈##.......
......##..##≈≈♣...♣...♣≈≈##.#####


There were no monsters in sight!

Vanquished Creatures
  3 adders
  An ooze (D:1)
  2 leopard geckos
  4 giant cockroaches
  6 goblins
  6 hobgoblins
  2 jackals (D:1)
  3 quokkas
  A ball python (D:1)
  4 bats
  5 frilled lizards
  6 kobolds
  7 rats
50 creatures vanquished.

Notes
Turn   | Place    | Note
-------+----------+-------------------------------------------
     0 | D:1      | feito the Gargoyle Earth Elementalist began the quest for the Orb.
     0 | D:1      | Reached XP level 1. HP: 10/10 MP: 3/3
   105 | D:1      | Reached skill level 4 in Earth Magic
   114 | D:1      | Reached XP level 2. HP: 9/15 MP: 0/5
   547 | D:1      | Reached XP level 3. HP: 19/19 MP: 2/6
   869 | D:2      | Learned a level 3 spell: Stone Arrow
  1073 | D:2      | Found a snail-covered altar of Cheibriados.
  1142 | D:2      | Found a glowing silver altar of Zin.
  1406 | D:3      | Reached XP level 4. HP: 24/24 MP: 0/7
  1490 | D:3      | Noticed Sigmund
  1531 | D:2      | Reached skill level 1 in Armour
  2373 | D:3      | Slain by Sigmund

Vault maps used:
D:1:      tarquinn_simple_flora_water_e
D:2:      overflow_temple_1_default, nicolae_overflow_crystal_walls, first_bread
D:3:      kennysheep_cluttered_room, minmay_fountain_box, uniq_sigmund

Skill      XL: |  1  2  3  4 |
---------------+-------------+-----
Earth Magic    | 4 |  4.5
Stealth        | 3 |  3.1
Armour         | 1 |  1.2
Dodging        | 2 |  2.0
Spellcasting   | |  2.3
Conjurations   | |  0.9
Transmutations | |  0.7

Action                   |  1- 3 |  4- 6 || total
-------------------------+-------+-------++-------
Melee: Unarmed           |     9 |       ||     9
       Dagger            |    11 |    17 ||    28
 Cast: Sandblast         |    74 |    27 ||   101
       Stone Arrow       |     2 |     6 ||     8
  Use: Scroll            |     1 |     4 ||     5
       Potion            |     1 |       ||     1
  Eat: Chunk             |     2 |     3 ||     5
       Fruit             |     1 |     1 ||     2
Armor: Robe              |    22 |    14 ||    36
Dodge: Dodged            |    74 |    24 ||    98
